 Dungeon Crawl Stone Soup version 0.28-a0-1638-g9123634e07 (webtiles) character file.

Game seed: 4524395366896704668

628 bande the Chopper (level 7, -2/44 HPs)
             Began as a Gargoyle Fighter on Jan 25, 2022.
             Slain by a kobold (5 damage)
             ... on level 3 of the Dungeon.
             The game lasted 00:09:50 (5677 turns).

bande the Chopper (Gargoyle Fighter)                Turns: 5677, Time: 00:09:50

Health: -2/44      AC: 21    Str: 20    XL:     7   Next: 48%
Magic:  7/7        EV:  7    Int:  8    God:
Gold:   1233       SH:  5    Dex: 11    Spells: 6/6 levels left

rFire   . . .      SeeInvis +   a - +0 war axe (freeze)
rCold   . . .      Faith    .   c - +0 buckler
rNeg    + . .      Spirit   .   t - +0 chain mail
rPois   ∞          Reflect  .   i - +0 helmet
rElec   +          Harm     .   (no cloak)
rCorr   .          Rampage  .   o - +0 pair of gloves
Will    .....                   (no boots)
Stlth   ..........              (no amulet)
HPRegen 0.14/turn               h - ring of see invisible
MPRegen 0.10/turn               l - +4 ring of protection

@: no status effects
A: sickness immunity, AC +4, negative energy resistance 1, electricity
resistance, torment resistance 1, petrification resistance
a: no special abilities


You were on level 3 of the Dungeon.
You visited 1 branch of the dungeon, and saw 4 of its levels.

You collected 1233 gold pieces.

Inventory:

Hand Weapons
 a - a +0 war axe of freezing (weapon)
 e - a +2 mace of holy wrath
 j - a +0 war axe
Armour
 c - a +0 buckler (worn)
 g - an orb of mayhem
 i - a +0 helmet (worn)
 o - a +0 pair of gloves (worn)
 t - a +0 chain mail (worn)
Jewellery
 h - a ring of see invisible (left hand)
 k - an amulet of the acrobat
 l - a +4 ring of protection (right hand)
Scrolls
 m - a scroll of brand weapon
 s - a scroll of enchant weapon {unknown}
Potions
 d - a potion of might
 f - 5 potions of curing
 n - a potion of haste
 p - a potion of invisibility {unknown}
 q - a potion of brilliance {unknown}
 r - a potion of resistance {unknown}


   Skills:
 + Level 4.7 Fighting
 + Level 5.3 Axes
 + Level 5.1 Armour
 + Level 4.4 Shields


You had 6 spell levels left.
You didn't know any spells.
Your spell library contained the following spells:

 Spells                   Type           Power      Damage    Failure   Level
 Freeze                   Ice            0%         1d3       99%         1
 Frozen Ramparts          Ice            0%         1d2       100%        3
 Tukima's Dance           Hex            0%         N/A       100%        3
 Anguish                  Hex/Necr       0%         N/A       100%        4
 Hailstorm                Conj/Ice       0%         3d3       100%        4
 Enfeeble                 Hex            0%         N/A       100%        7


Dungeon Overview and Level Annotations

Branches:
Dungeon (4/15)
 Temple: D:4-7

Altars:
Dithmenos
Beogh

Shops:
D:1 ?


Innate Abilities, Weirdness & Mutations

You are immune to sickness and miasma.
Your stone body is resilient. (AC +4)
You are immune to poison.
You resist negative energy. (rN+)
You are resistant to electric shocks. (rElec)
You are resistant to unholy torment.
You are immune to petrification.


Message History

You completely miss 3t5h's ghost. 3t5h's ghost is lightly damaged. 3t5h's ghost hits you but does no damage.
You closely miss 3t5h's ghost. 3t5h's ghost is lightly damaged. 3t5h's ghost hits you but does no damage. x2
You closely miss 3t5h's ghost. 3t5h's ghost is lightly damaged. 3t5h's ghost hits you.
You hit 3t5h's ghost.
You freeze 3t5h's ghost. 3t5h's ghost is moderately damaged. 3t5h's ghost hits you but does no damage.
You slash 3t5h's ghost!
You freeze 3t5h's ghost. 3t5h's ghost is severely damaged. 3t5h's ghost completely misses you.
You slash 3t5h's ghost! You freeze 3t5h's ghost.
You destroy 3t5h's ghost!
You start resting.
HP restored.
There is a stone staircase leading down here.
Items here: ( )) †.
Okay, then.
There is a stone staircase leading down here.
You climb downwards.
You block the kobold's attack.
There is a stone staircase leading up here.
Unknown command.
You closely miss the kobold.
The kobold zaps a wand.
The bolt of acid hits the kobold!!
The acid corrodes the kobold!
The kobold dies!
The bolt of acid hits you!!
Ouch! That really hurt!
* * * LOW HITPOINT WARNING * * *
Unknown command.
The kobold hits you but does no damage. x2; Space warps around you.
* * * LOW HITPOINT WARNING * * *
You climb upwards.
There is a stone staircase leading down here.
You miss the kobold. You closely miss the kobold.
The kobold hits you but does no damage. x2; Space warps around you.
You die...

### #.# ####.#
#....# #.##.# #.##.#
##### #.##.#####...#
#.##....##...#####
#@K...............
###K#####.##...#####
#...........####
#...........#
#...........#
#...........# ####
#...........# #...
#...........# #.##
#....(......#####.#


You could see 2 kobolds.

Vanquished Creatures
  The ghost of 3t5h the Cutter, an amateur VSGl (D:3)
  A kobold brigand (D:3)
  A scorpion (D:4)
  A hound (D:4)
  2 orc priests (D:4)
  Jessica (D:2)
  A hound zombie (D:4)
  A hound skeleton (D:4)
  Robin (D:1)
  8 gnolls
  6 adders
  A worm (D:2)
  6 dart slugs
  7 orcs
  3 bats
  4 endoplasms
  3 giant cockroaches
  11 goblins
  12 hobgoblins
  4 jackals (D:2)
  12 kobolds
  2 quokkas
  11 ball pythons
  4 frilled lizards
  6 rats
110 creatures vanquished.

Vanquished Creatures (others)
  A kobold (D:4)
  2 fungi (D:4)
  2 plants (D:4)
5 creatures vanquished.

Grand Total: 115 creatures vanquished

Notes
Turn   | Place    | Note
-------+----------+-------------------------------------------
     0 | D:1      | bande the Gargoyle Fighter began the quest for the Orb.
     0 | D:1      | Reached XP level 1. HP: 14/14 MP: 1/1
   171 | D:1      | Reached XP level 2. HP: 8/19 MP: 2/2
   720 | D:1      | Found Dodysur's Magic Scroll Shop.
   803 | D:1      | Reached XP level 3. HP: 23/23 MP: 3/3
  1108 | D:1      | Found a faded altar of an unknown god.
  1199 | D:2      | Noticed Robin
  1651 | D:1      | Killed Robin
  1657 | D:1      | Reached XP level 4. HP: 6/29 MP: 4/4
  2591 | D:2      | Noticed Jessica
  2600 | D:2      | Killed Jessica
  2601 | D:2      | Reached XP level 5. HP: 33/33 MP: 5/5
  3769 | D:3      | Identified a scroll of acquirement
  3769 | D:3      | Acquired 1059 gold pieces
  4658 | D:4      | Found a runed translucent gate.
  4658 | D:4      | Found a runed translucent gate.
  4659 | D:4      | Noticed a kobold brigand
  4665 | D:4      | Reached XP level 6. HP: 34/38 MP: 6/6
  4699 | D:4      | Found a runed translucent gate.
  4719 | D:4      | Noticed 3t5h's ghost (amateur VSGl)
  5286 | D:4      | Found a shadowy altar of Dithmenos.
  5351 | D:4      | Reached XP level 7. HP: 31/44 MP: 7/7
  5556 | D:3      | Reached skill level 5 in Axes
  5556 | D:3      | Reached skill level 5 in Armour
  5565 | D:3      | Killed 3t5h's ghost
  5677 | D:3      | Slain by a kobold

Illustrated notes

Levels and vault maps discovered:
D:1:      nzn_arrival_depleted_hourglass, layout_loops_ring,
          shapermc_ecumenical_altar_mp_vishouse, serial_shops,
          nicolae_shop_stone
D:2:      layout_basic, serial_corexii_hall, corexii_hall_statues_i,
          corexii_hall_statues_t, chequers_hall_statues_corner_a,
          corexii_hall_statues_i, uniq_jessica, uniq_robin
D:3:      layout_basic, nicolae_concentric_dashed_squares_mild,
          minmay_misc_feat_plants
D:4:      layout_rooms, nicolae_dithmenos_the_darkroom,
          gammafunk_ghost_nasty_kobolds, kennysheep_orc_chapel

Skill      XL: |  1  2  3  4  5  6  7 |
---------------+----------------------+-----
Axes           | 2 3 4 5 |  5.3
Shields        | 4 |  4.4
Armour         | 4 5 |  5.1
Fighting       | 4 |  4.7

Action                   |  1- 3 |  4- 6 |  7- 9 || total
-------------------------+-------+-------+-------++-------
Melee: War axe           |    92 |   205 |    19 ||   316
  Use: Scroll            |       |     7 |       ||     7
Armor: Scale mail        |    75 |   120 |       ||   195
       Chain mail        |       |    26 |    19 ||    45
Dodge: Dodged            |    60 |    94 |     8 ||   162
Block: Buckler           |    39 |    44 |     7 ||    90

Table legend: (Time is in decaauts)
 A = Elapsed time spent in this place.
 B = Non-inter-level travel time spent in this place.
 C = Inter-level travel time spent in this place.
 D = Time resting spent in this place.
 E = Time spent auto-exploring this place.
 F = Levels seen in this place.
 G = Mean time per level.
                   A        B        C        D        E       F      G
               +--------+--------+--------+--------+--------+-----+--------+
         Total |   5807 |   5632 |    175 |   1857 |   2436 |   4 | 1451.8 |
       Dungeon |   5807 |   5632 |    175 |   1857 |   2436 |   4 | 1451.8 |
               +--------+--------+--------+--------+--------+-----+--------+

Top non-repeatable levels by time:
     D:1: 2619 daAuts
     D:3: 1178 daAuts
     D:2: 1095 daAuts
     D:4: 914 daAuts
